 Dungeon Crawl Stone Soup version 0.30-a0-743-gbfdf073431 (webtiles) character file.

Game seed: 12362859197431238400

12 M4edhros the Insei (level 2, 0/18 HPs)
             Began as an Octopode Transmuter on Feb 5, 2023.
             Slain by a goblin
             ... wielding a +0 club
              (4 damage)
             ... on level 1 of the Dungeon.
             The game lasted 00:00:17 (91 turns).

M4edhros the Insei (Octopode Transmuter)              Turns: 91, Time: 00:00:17

Health: 0/18       AC:  1    Str:  9    XL:     2   Next: 33%
Magic:  5/5        EV: 13    Int: 15    God:
Gold:   10         SH:  0    Dex: 12    Spells: 4/5 levels left

rFire   . . .      SeeInvis .      - Unarmed
rCold   . . .      Faith    .    (no shield)
rNeg    . . .      Spirit   .    (helmet restricted)
rPois   .          Reflect  .    (no amulet)
rElec   .          Harm     .    (no ring)
rCorr   .          Rampage  .    (no ring)
Will    .....                    (no ring)
Stlth   ++                       (no ring)
HPRegen 0.23/turn                (no ring)
MPRegen 0.09/turn                (no ring)
                                 (no ring)
                                 (no ring)

@: no status effects
A: almost no armour, amphibious, 8 rings, camouflage 1, gelatinous body 1,
(nimble swimmer 1), tentacles
a: no special abilities


You were on level 1 of the Dungeon.
You visited 1 branch of the dungeon, and saw 1 of its levels.

You collected 10 gold pieces.

Inventory:

Potions
 a - a potion of lignification
 b - a potion of mutation {unknown}
 c - a potion of flight {unknown}


   Skills:
 - Level 1.0 Fighting
 - Level 2.0 Dodging
 + Level 3.3 Unarmed Combat
 - Level 2.0 Spellcasting
 + Level 2.5 Transmutations


You had 4 spell levels left.
You knew the following spells:

 Your Spells              Type           Power      Damage    Failure   Level
a - Beastly Appendage     Tmut           18%        N/A       8%          1

Your spell library contained the following spells:

 Spells                   Type           Power      Damage    Failure   Level
 Wereblood                Tmut           9%         N/A       12%         2
 Spider Form              Tmut/Pois      5%         N/A       36%         3
 Ice Form                 Ice/Tmut       5%         N/A       78%         4


Dungeon Overview and Level Annotations

Branches:
Dungeon (1/15)

Altars:


Innate Abilities, Weirdness & Mutations

You cannot wear most types of armour.
You are amphibious.
You can wear up to eight rings at the same time.
Your skin changes colour to match your surroundings (Stealth+).
Your rubbery body absorbs attacks. (AC +1, EV +1)
((You are camouflaged when in or above water. (Stealth+)))
You have tentacles for arms and can constrict up to eight enemies at once.


Message History

A kobold and a hobgoblin come into view.
The bat hits you.
The kobold throws a stone.
The stone barely misses you.
The stone hits the giant cockroach.
A goblin comes into view. It is wielding a +0 club.
The hobgoblin moves out of view.
You closely miss the giant cockroach. Your grab misses the giant cockroach.
The giant cockroach is lightly wounded.
The bat barely misses you.
The giant cockroach bites you but does no damage.
A kobold comes into view. It is wielding a +0 dagger.
You barely miss the giant cockroach.
The kobold shouts!
You grab the giant cockroach.
The giant cockroach is lightly wounded.
You constrict the giant cockroach. The bat hits you.
The giant cockroach bites you. The dart slug closely misses you.
You completely miss the giant cockroach.
You squeeze the giant cockroach.
You kill the giant cockroach!
The bat hits you but does no damage.
The kobold throws a stone.
The stone barely misses you. The kobold hits you with a +0 dagger.
You tentacle-slap the dart slug. You grab the dart slug.
The dart slug is lightly wounded.
You constrict the dart slug. The dart slug bites you.
The kobold closely misses you.
The frilled lizard bites you but does no damage.
You are too injured to fight recklessly!
You are too injured to fight recklessly!
You release your grip on the dart slug.
The kobold attacks as you move away! The kobold closely misses you.
The frilled lizard attacks as you move away!
The frilled lizard bites you. The bat hits you.
The frilled lizard attacks as you move away!
The frilled lizard misses you. The bat hits you but does no damage.
The kobold attacks as you move away! The kobold barely misses you.
The bat closely misses you. The bat misses you.
The goblin hits you with a +0 club.
* * * LOW HITPOINT WARNING * * *
The goblin attacks as you move away! The goblin hits you with a +0 club.
You die...

.......##......
......)......
.......>...# ..........#
........K.# ........K.#
.#####.wK.###############
#.gbl#..............
###@##.8.8.#+#'#.8.8
#..#..8..#.<.#..8.
##)#.8.8.#####.8.8
#.#..............
#.###...⌠...⌠...#
#..###....8....##
##...##.⌠...⌠.##
###.###.....##
#..####'###


You could see a dart slug, a goblin, a bat, 3 kobolds and a frilled lizard.

Vanquished Creatures
  A giant cockroach (D:1)
  A hobgoblin (D:1)
  4 jackals (D:1)
  A kobold (D:1)
  A quokka (D:1)
  2 rats (D:1)
10 creatures vanquished.

Notes
Turn   | Place    | Note
-------+----------+-------------------------------------------
     0 | D:1      | M4edhros the Octopode Transmuter began the quest for the
                  | Orb.
     0 | D:1      | Reached XP level 1. HP: 13/13 MP: 3/3
    66 | D:1      | Reached XP level 2. HP: 15/18 MP: 5/5
    91 | D:1      | Slain by a goblin

Illustrated notes

Levels and vault maps discovered:
D:1:      ncdulo_halloftheorcs, layout_basic, shapermc_ecumenical_altar_petra,
          minmay_tromino_v4_c

Action                     || total
---------------------------++-------
  Melee: Unarmed           ||    27
         Constrict         ||     9
         Tentacles         ||     3
 Armour: Skin              ||     5
  Dodge: Dodged            ||    26

Table legend: (Time is in decaauts)
 A = Elapsed time spent in this place.
 B = Non-inter-level travel time spent in this place.
 C = Inter-level travel time spent in this place.
 D = Time resting spent in this place.
 E = Time spent auto-exploring this place.
 F = Levels seen in this place.
 G = Mean time per level.
                   A        B        C        D        E       F      G
               +--------+--------+--------+--------+--------+-----+--------+
         Total |     89 |     89 |      0 |      0 |     32 |   1 |   89.0 |
       Dungeon |     89 |     89 |      0 |      0 |     32 |   1 |   89.0 |
               +--------+--------+--------+--------+--------+-----+--------+

Top non-repeatable levels by time:
     D:1: 89 daAuts
